WCHLSIM.com - West Coast Hockey League
html PUBLIC "-//W3C//DTD XHTML 1.0 Transitional//EN" "http://www.w3.org/TR/xhtml1/DTD/xhtml1-transitional.dtd"> WCHL - Game 318 - NORTH DAKOTA HAWKS vs SASKATOON DUCKS

NORTH DAKOTA HAWKS vs SASKATOON DUCKS

Created - 27 novembre 2023 at 21:25

Goals
1 2 3 T
NORTH DAKOTA HAWKS 2 0 0 2
SASKATOON DUCKS 0 3 0 3
Shots
1 2 3 T
NORTH DAKOTA HAWKS 9 8 6 23
SASKATOON DUCKS 4 11 8 23

1st period

1. NORTH DAKOTA HAWKS , Alex Belzile 1 (Garnet Hathaway 2, Mathew Dumba 4) at 5:51
2. NORTH DAKOTA HAWKS , Jake DeBrusk 12 (Nick Suzuki 20) at 13:54

Penalties :
No Penalty

2nd period

3. SASKATOON DUCKS , Roman Josi 4 (Jake Sanderson 17, Kailer Yamamoto 8) at 0:55 (PP)
4. SASKATOON DUCKS , Brent Burns 3 (Sidney Crosby 13, Ivan Barbashev 6) at 3:19
5. SASKATOON DUCKS , Sidney Crosby 11 (Roman Josi 13, Brent Burns 8) at 5:07

Penalties :
Connor Clifton (NDH) for Holding Stick (Minor) at 0:30, Erik Johnson (NDH) for Hooking (Minor) at 9:54

3rd period

No Goal

Penalties :
Connor Clifton (NDH) for Hooking (Minor) at 11:44, Jake Sanderson (SAS) for Roughing (Minor) at 16:39

Goalie Stats

Linus Ullmark (NDH), 20 saves from 23 shots - (0,870), L, 16-4-0, 60:00 minutes
Tristan Jarry (SAS), 21 saves from 23 shots - (0,913), W, 8-9-2, 60:00 minutes

Players Stats for NORTH DAKOTA HAWKS

Player Name              G  A  P  +/- PIM S  H  SB GA TA FO     MP     PP MP  PK MP  
------------------------------------------------------------------------------------
Alex Belzile             1  0  1   1  0   1  0  1  0  0  6/11   10:08   0:00   1:29 
Ben Hutton               0  0  0  -1  0   0  0  1  0  0  0/0    20:37   0:00   2:06 
Connor Clifton           0  0  0   0  4   0  2  0  0  0  0/0    19:04   0:48   1:07 
Dillon Dube              0  0  0  -1  0   1  2  0  0  0  0/2    12:44   1:11   0:30 
Emil Bemstrom            0  0  0  -1  0   2  1  0  0  0  0/0    11:51   0:48   0:00 
Erik Johnson             0  0  0  -1  2   1  2  2  0  0  0/0    19:18   0:00   0:48 
Frederick Gaudreau       0  0  0  -1  0   0  0  1  0  0  5/14   14:32   0:00   3:29 
Garnet Hathaway          0  1  1   1  0   2  2  0  0  0  0/0    11:13   0:00   2:34 
Jack Hughes              0  0  0  -1  0   2  1  1  0  0  5/19   18:21   0:48   0:00 
Jake DeBrusk             1  0  1   1  0   3  0  0  0  0  0/1    17:53   1:11   0:19 
Jason Robertson          0  0  0  -1  0   1  1  0  0  0  0/0    18:21   0:48   0:00 
Joel Hanley              0  0  0   0  0   0  2  0  0  0  0/0    16:43   0:00   0:26 
Jordan Kyrou             0  0  0  -1  0   0  1  0  0  0  0/0    18:58   0:48   0:11 
Mathew Dumba             0  1  1   1  0   1  3  2  0  0  0/0    20:36   0:00   2:12 
Nathan Walker            0  0  0   1  0   1  0  0  0  0  0/1     8:39   0:00   0:00 
Nick Suzuki              0  1  1   1  0   6  0  1  0  0  10/18  17:53   1:11   0:19 
Reyley Smith             0  0  0   1  0   0  0  0  0  0  1/1    17:34   1:11   0:00 
Ryan Lindgren            0  0  0   1  0   2  0  0  0  0  0/0    21:09   1:11   2:02 

Players Stats for SASKATOON DUCKS

Player Name              G  A  P  +/- PIM S  H  SB GA TA FO     MP     PP MP  PK MP  
------------------------------------------------------------------------------------
Anthony Duclair          0  0  0   0  0   0  0  0  0  0  0/0     5:48   0:00   0:00 
Artemi Panarin           0  0  0  -1  0   3  0  0  0  0  0/1    19:21   1:55   0:00 
Brent Burns              1  1  2   2  0   2  1  2  0  0  0/0    22:37   2:03   0:49 
Ivan Barbashev           0  1  1   2  0   2  1  0  0  0  0/0    23:25   2:28   1:10 
Jake Sanderson           0  1  1   0  2   0  2  1  0  0  0/0    21:28   2:20   0:00 
Jason Zucker             0  0  0   2  0   3  3  0  0  0  0/2    21:27   1:55   0:00 
Jaycob Megna             0  0  0  -2  0   0  0  1  0  0  0/0    16:09   0:00   1:10 
Kailer Yamamoto          0  1  1  -1  0   3  2  0  0  0  1/1    20:09   2:28   0:00 
Kevin Shattenkirk        0  0  0   0  0   0  1  0  0  0  0/0    18:11   2:03   0:49 
Mathieu Joseph           0  0  0  -1  0   0  0  0  0  0  0/0    11:26   0:00   0:49 
Milan Lucic              0  0  0   0  0   0  0  0  0  0  0/0     5:48   0:00   0:00 
Nils Aman                0  0  0   0  0   0  0  0  0  0  2/5     5:48   0:00   0:00 
Paul Stastny             0  0  0  -1  0   0  0  0  0  0  9/14   11:26   0:00   0:49 
Phil Kessel              0  0  0  -1  0   2  0  0  0  0  0/0    10:37   0:00   0:00 
Roman Josi               1  1  2   2  0   2  0  2  0  0  0/0    25:25   2:20   0:00 
Ryan Strome              0  0  0  -1  0   0  1  0  0  0  11/18  21:04   2:28   1:10 
Samuel Girard            0  0  0  -2  0   1  1  0  0  0  0/0    16:09   0:00   1:10 
Sidney Crosby            1  1  2   2  0   5  1  0  0  0  17/26  21:42   1:55   0:00 

3 Stars

1 - Brent Burns (SAS)
2 - Sidney Crosby (SAS)
3 - Roman Josi (SAS)

Power Play

NORTH DAKOTA HAWKS - 0 on 1 Attempt(s) - 0,00%
SASKATOON DUCKS - 1 on 3 Attempt(s) - 33,33%

Penalty Kill

NORTH DAKOTA HAWKS - 2 on 3 Attempt(s) - 66,67% - Score 0 goal in Penalty Kill
SASKATOON DUCKS - 1 on 1 Attempt(s) - 100,00% - Score 0 goal in Penalty Kill

Team Stat

NORTH DAKOTA HAWKS - Hits : 17 - Faceoff Wins : 27 - Blocked Shots : 9 - Penalty Minutes : 6
SASKATOON DUCKS - Hits : 13 - Faceoff Wins : 40 - Blocked Shots : 6 - Penalty Minutes : 2

Official

Referees : Brian Pochmara and Dan O'Rourke
Linesman : Greg Devorski and Derek Amell

Game Notes

No Game Note

Finance

Level 1 -- Attendance: 6563 (99,44%) -- Ticket Income 918 820 $
Level 2 -- Attendance: 5440 (97,14%) -- Ticket Income 516 800 $
Level 3 -- Attendance: 2200 (100,00%) -- Ticket Income 143 000 $
Level 4 -- Attendance: 4600 (100,00%) -- Ticket Income 207 000 $
Luxury Box -- Attendance: 993 (99,30%) -- Ticket Income 258 180 $
Total Attendance: 19796 (98,98%)
Total Ticket Income: 2 043 800 $
Other Expense: 20 438 $
Total Income: 2 023 362 $

NORTH DAKOTA HAWKS

5 vs 5 Forward 
   Center                   Left Wing                Right Wing               Time % Phy DF OF 
 1 Jack Hughes              Jason Robertson          Jordan Kyrou             32     0   2  3  
 2 Nick Suzuki              Jake DeBrusk             Reyley Smith             30     0   2  3  
 3 Frederick Gaudreau       Dillon Dube              Emil Bemstrom            22     0   4  1  
 4 Alex Belzile             Nathan Walker            Garnet Hathaway          16     1   4  0  

5 vs 5 Defense 
   Defense                  Defense                                           Time % Phy DF OF 
 1 Ryan Lindgren            Mathew Dumba                                      35     0   4  1  
 2 Ben Hutton               Erik Johnson                                      33     0   5  0  
 3 Joel Hanley              Connor Clifton                                    17     0   5  0  
 4 Joel Hanley              Connor Clifton                                    15     0   5  0  

PowerPlay Forward 
   Center                   Left Wing                Right Wing               Time % Phy DF OF 
 1 Nick Suzuki              Jake DeBrusk             Reyley Smith             65     1   0  4  
 2 Jack Hughes              Jason Robertson          Jordan Kyrou             35     1   0  4  

PowerPlay Defense
   Defense                  Defense                                           Time % Phy DF OF 
 1 Ryan Lindgren            Dillon Dube                                       65     1   0  4  
 2 Connor Clifton           Emil Bemstrom                                     35     1   0  4  

Penalty Kill 4 Players Forward 
   Center                   Wing                     Time % Phy DF OF 
 1 Frederick Gaudreau       Garnet Hathaway          65     0   4  1  
 2 Nick Suzuki              Jake DeBrusk             35     0   4  1  

Penalty Kill 4 Players Defense
   Defense                  Defense                  Time % Phy DF OF 
 1 Ryan Lindgren            Mathew Dumba             65     0   5  0  
 2 Ben Hutton               Erik Johnson             35     0   5  0  

Penalty Kill - 3 Players Forward 
   Forward                                           Time % Phy DF OF 
 1 Frederick Gaudreau                                60     0   5  0  
 2 Nick Suzuki                                       40     0   5  0  

Penalty Kill - 3 Players Defense
   Defense                  Defense                  Time % Phy DF OF 
 1 Ryan Lindgren            Mathew Dumba             60     0   5  0  
 2 Ben Hutton               Erik Johnson             40     0   5  0  

4 vs 4 Forward 
   Center                   Wing                     Time % Phy DF OF 
 1 Jack Hughes              Jason Robertson          55     0   1  4  
 2 Nick Suzuki              Jake DeBrusk             45     0   1  4  

4 vs 4 Defense
   Defense                  Defense                  Time % Phy DF OF 
 1 Ryan Lindgren            Mathew Dumba             55     0   1  4  
 2 Ben Hutton               Erik Johnson             45     0   4  1  

Last Minutes Offensive
   Center                   Left Wing                Right Wing               Defense                  Defense                  
   Nick Suzuki              Jason Robertson          Jordan Kyrou             Jack Hughes              Ryan Lindgren            

Last Minutes Defensive
   Center                   Left Wing                Right Wing               Defense                  Defense                  
   Nick Suzuki              Jake DeBrusk             Reyley Smith             Ryan Lindgren            Mathew Dumba             

Goaltenders
Starting : Linus Ullmark            
Backup : Scott Wedgewood          

Extra Forwards
Normal : Alex Belzile, Emil Bemstrom, Nathan Walker - PP : Frederick Gaudreau, Alex Belzile - PK : Alex Belzile
Extra Defensemen
Normal : Connor Clifton, Erik Johnson, Ben Hutton - PP : Ben Hutton - PK : Connor Clifton, Joel Hanley
Penalty Shots
Jordan Kyrou, Jason Robertson, Jack Hughes, Nick Suzuki, Jake DeBrusk
Custom OT Lines Forwards
Jack Hughes, Jason Robertson, Jordan Kyrou, Nick Suzuki, Jake DeBrusk, Reyley Smith, Frederick Gaudreau, Dillon Dube, Emil Bemstrom, Garnet Hathaway
Custom OT Lines Defensemen
Ryan Lindgren, Erik Johnson, Mathew Dumba, Connor Clifton, Ben Hutton

Scratches
Cale Makar (Torn Left Knee Ligaments Injury), Connor Dewar (Healthy), Nick Blankenburg (Upper Body Injury)

SASKATOON DUCKS

5 vs 5 Forward 
   Center                   Left Wing                Right Wing               Time % Phy DF OF 
 1 Sidney Crosby            Jason Zucker             Ivan Barbashev           40     0   2  3  
 2 Ryan Strome              Artemi Panarin           Kailer Yamamoto          37     0   2  3  
 3 Paul Stastny             Mathieu Joseph           Phil Kessel              18     0   3  2  
 4 Nils Aman                Milan Lucic              Anthony Duclair          5      0   3  2  

5 vs 5 Defense 
   Defense                  Defense                                           Time % Phy DF OF 
 1 Roman Josi               Brent Burns                                       40     1   2  2  
 2 Jake Sanderson           Kevin Shattenkirk                                 30     1   2  2  
 3 Samuel Girard            Jaycob Megna                                      20     1   2  2  
 4 Roman Josi               Jake Sanderson                                    10     1   2  2  

PowerPlay Forward 
   Center                   Left Wing                Right Wing               Time % Phy DF OF 
 1 Sidney Crosby            Artemi Panarin           Jason Zucker             70     0   0  5  
 2 Ryan Strome              Ivan Barbashev           Kailer Yamamoto          30     0   0  5  

PowerPlay Defense
   Defense                  Defense                                           Time % Phy DF OF 
 1 Roman Josi               Jake Sanderson                                    70     0   0  5  
 2 Kevin Shattenkirk        Brent Burns                                       30     0   0  5  

Penalty Kill 4 Players Forward 
   Center                   Wing                     Time % Phy DF OF 
 1 Paul Stastny             Mathieu Joseph           55     0   4  1  
 2 Ryan Strome              Ivan Barbashev           45     0   4  1  

Penalty Kill 4 Players Defense
   Defense                  Defense                  Time % Phy DF OF 
 1 Kevin Shattenkirk        Brent Burns              55     0   4  1  
 2 Samuel Girard            Jaycob Megna             45     0   4  1  

Penalty Kill - 3 Players Forward 
   Forward                                           Time % Phy DF OF 
 1 Paul Stastny                                      55     0   5  0  
 2 Nils Aman                                         45     0   5  0  

Penalty Kill - 3 Players Defense
   Defense                  Defense                  Time % Phy DF OF 
 1 Roman Josi               Samuel Girard            55     0   5  0  
 2 Jaycob Megna             Kevin Shattenkirk        45     0   5  0  

4 vs 4 Forward 
   Center                   Wing                     Time % Phy DF OF 
 1 Sidney Crosby            Jason Zucker             55     1   2  2  
 2 Ryan Strome              Artemi Panarin           45     1   2  2  

4 vs 4 Defense
   Defense                  Defense                  Time % Phy DF OF 
 1 Roman Josi               Samuel Girard            55     1   2  2  
 2 Jake Sanderson           Brent Burns              45     1   2  2  

Last Minutes Offensive
   Center                   Left Wing                Right Wing               Defense                  Defense                  
   Sidney Crosby            Artemi Panarin           Ivan Barbashev           Roman Josi               Jake Sanderson           

Last Minutes Defensive
   Center                   Left Wing                Right Wing               Defense                  Defense                  
   Sidney Crosby            Ivan Barbashev           Kailer Yamamoto          Roman Josi               Brent Burns              

Goaltenders
Starting : Tristan Jarry            
Backup : Anton Forsberg           

Extra Forwards
Normal : Artemi Panarin, Sidney Crosby, Ryan Strome - PP : Sidney Crosby, Kailer Yamamoto - PK : Mathieu Joseph
Extra Defensemen
Normal : Jake Sanderson, Roman Josi, Brent Burns - PP : Jake Sanderson - PK : Roman Josi, Samuel Girard
Penalty Shots
Sidney Crosby, Artemi Panarin, Jason Zucker, Ivan Barbashev, Ryan Strome
Custom OT Lines Forwards
Sidney Crosby, Artemi Panarin, Kailer Yamamoto, Ivan Barbashev, Ryan Strome, Phil Kessel, Jason Zucker, Paul Stastny, Mathieu Joseph, Milan Lucic
Custom OT Lines Defensemen
Roman Josi, Brent Burns, Samuel Girard, Kevin Shattenkirk, Jake Sanderson

Scratches
Jake Guentzel (Chest/Ribs Injury)

% Time on Ice - NORTH DAKOTA HAWKS

Lines # - Real PCT - Wanted PCT - Time Play
Normal Forward
1 - 33% - 32% - 17:33
2 - 31% - 30% - 16:23
3 - 21% - 22% - 11:03
4 - 16% - 16% - 8:39
Normal Defense
1 - 34% - 35% - 18:24
2 - 35% - 33% - 18:57
3 - 17% - 17% - 8:58
4 - 14% - 15% - 7:19
PP Forward
1 - 60% - 65% - 1:11
2 - 40% - 35% - 0:48
PP Defense
1 - 60% - 65% - 1:11
2 - 40% - 35% - 0:48
PK Forward
1 - 93% - 65% - 4:04
2 - 7% - 35% - 0:19
PK Defense
1 - 41% - 65% - 1:48
2 - 59% - 35% - 2:35
PK3 Forward
1 - 0% - 60%
2 - 0% - 40%
PK3 Defense
1 - 0% - 60%
2 - 0% - 40%
44 Forward
1 - 0% - 55%
2 - 0% - 45%
44 Defense
1 - 0% - 55%
2 - 0% - 45%
Last Minute Offensive  - 0:00
Last Minute Defensive  - 0:00
Total
Forward - 60:00
Defense - 60:00

% Time on Ice - SASKATOON DUCKS

Lines # - Real PCT - Wanted PCT - Time Play
Normal Forward
1 - 37% - 40% - 19:32
2 - 33% - 37% - 17:26
3 - 20% - 18% - 10:37
4 - 11% - 5% - 5:48
Normal Defense
1 - 37% - 40% - 19:30
2 - 29% - 30% - 15:19
3 - 28% - 20% - 14:59
4 - 7% - 10% - 3:35
PP Forward
1 - 44% - 70% - 1:55
2 - 56% - 30% - 2:28
PP Defense
1 - 53% - 70% - 2:20
2 - 47% - 30% - 2:03
PK Forward
1 - 41% - 55% - 0:49
2 - 59% - 45% - 1:10
PK Defense
1 - 41% - 55% - 0:49
2 - 59% - 45% - 1:10
PK3 Forward
1 - 0% - 55%
2 - 0% - 45%
PK3 Defense
1 - 0% - 55%
2 - 0% - 45%
44 Forward
1 - 0% - 55%
2 - 0% - 45%
44 Defense
1 - 0% - 55%
2 - 0% - 45%
Last Minute Offensive  - 0:00
Last Minute Defensive  - 0:15
Total
Forward - 60:00
Defense - 60:00

Play-by-Play

1st period


0:01 of 1st period - Jack Hughes wins face-off versus Jason Zucker in neutral zone.
0:01 of 1st period - Jack Hughes is hit by Sidney Crosby.
1:17 of 1st period - Jake Sanderson is hit by Jordan Kyrou and loses puck.
1:28 of 1st period - Shot by Nick Suzuki.
1:28 of 1st period - Stopped by Tristan Jarry without a rebound.
1:29 of 1st period - Paul Stastny wins face-off versus Nick Suzuki in SASKATOON DUCKS zone.
1:39 of 1st period - Mathieu Joseph is hit by Erik Johnson and loses puck.
1:46 of 1st period - Shot by Reyley Smith.
1:46 of 1st period - Shot Misses the Net.
1:50 of 1st period - Shot by Nick Suzuki.
1:50 of 1st period - Shot Misses the Net.
1:52 of 1st period - Shot by Nick Suzuki.
1:52 of 1st period - Stopped by Tristan Jarry without a rebound.
1:53 of 1st period - Nils Aman wins face-off versus Frederick Gaudreau in SASKATOON DUCKS zone.
2:25 of 1st period - Shot by Emil Bemstrom.
2:25 of 1st period - Shot Misses the Net.
2:36 of 1st period - Roman Josi is hit by Connor Clifton and loses puck.
3:15 of 1st period - Shot by Artemi Panarin.
3:15 of 1st period - Shot Misses the Net.
4:13 of 1st period - Shot by Ivan Barbashev.
4:13 of 1st period - Stopped by Linus Ullmark without a rebound.
4:14 of 1st period - Nick Suzuki wins face-off versus Paul Stastny in NORTH DAKOTA HAWKS zone.
4:45 of 1st period - Shot by Nick Suzuki.
4:45 of 1st period - Shot Misses the Net.
5:51 of 1st period - Shot by Garnet Hathaway.
5:51 of 1st period - Deflect By Alex Belzile.
5:51 of 1st period - Goal by Alex Belzile - NORTH DAKOTA HAWKS : 1 - SASKATOON DUCKS : 0.
5:52 of 1st period - Sidney Crosby wins face-off versus Jack Hughes in neutral zone.
6:12 of 1st period - Icing by Ryan Lindgren.
6:13 of 1st period - Jack Hughes wins face-off versus Nils Aman in NORTH DAKOTA HAWKS zone.
6:26 of 1st period - Shot by Jack Hughes.
6:26 of 1st period - Shot Blocked by Jake Sanderson.
6:52 of 1st period - Shot by Nils Aman.
6:52 of 1st period - Shot Misses the Net.
7:22 of 1st period - Shot by Brent Burns.
7:22 of 1st period - Shot Misses the Net.
7:38 of 1st period - Shot by Sidney Crosby.
7:38 of 1st period - Stopped by Linus Ullmark without a rebound.
7:39 of 1st period - Alex Belzile wins face-off versus Ryan Strome in NORTH DAKOTA HAWKS zone.
7:53 of 1st period - Jaycob Megna is hit by Garnet Hathaway and loses puck.
8:04 of 1st period - Shot by Artemi Panarin.
8:04 of 1st period - Shot Blocked by Erik Johnson.
8:58 of 1st period - Shot by Jake DeBrusk.
8:58 of 1st period - Shot Misses the Net.
9:00 of 1st period - Shot by Reyley Smith.
9:00 of 1st period - Shot Hit the Post.
9:42 of 1st period - Icing by Brent Burns.
9:43 of 1st period - Sidney Crosby wins face-off versus Nick Suzuki in SASKATOON DUCKS zone.
10:04 of 1st period - Shot by Sidney Crosby.
10:04 of 1st period - Shot Misses the Net.
11:11 of 1st period - Icing by Frederick Gaudreau.
11:12 of 1st period - Paul Stastny wins face-off versus Frederick Gaudreau in NORTH DAKOTA HAWKS zone.
11:13 of 1st period - Shot by Phil Kessel.
11:13 of 1st period - Shot Misses the Net.
11:19 of 1st period - Shot by Dillon Dube.
11:19 of 1st period - Stopped by Tristan Jarry without a rebound.
11:20 of 1st period - Paul Stastny wins face-off versus Jack Hughes in SASKATOON DUCKS zone.
11:32 of 1st period - Off-side.
11:33 of 1st period - Alex Belzile wins face-off versus Sidney Crosby in neutral zone.
11:44 of 1st period - Shot by Nathan Walker.
11:44 of 1st period - Deflect By Garnet Hathaway.
11:44 of 1st period - Shot Misses the Net.
11:55 of 1st period - Sidney Crosby is hit by Joel Hanley and loses puck.
13:26 of 1st period - Icing by Erik Johnson.
13:27 of 1st period - Paul Stastny wins face-off versus Jack Hughes in NORTH DAKOTA HAWKS zone.
13:34 of 1st period - Shot by Phil Kessel.
13:34 of 1st period - Shot Misses the Net.
13:54 of 1st period - Shot by Jake DeBrusk.
13:54 of 1st period - Goal by Jake DeBrusk - NORTH DAKOTA HAWKS : 2 - SASKATOON DUCKS : 0.
13:55 of 1st period - Sidney Crosby wins face-off versus Nick Suzuki in neutral zone.
14:14 of 1st period - Shot by Jake DeBrusk.
14:14 of 1st period - Shot Blocked by Roman Josi.
14:16 of 1st period - Shot by Nick Suzuki.
14:16 of 1st period - Stopped by Tristan Jarry with a rebound.
14:18 of 1st period - Shot by Ryan Lindgren.
14:18 of 1st period - Stopped by Tristan Jarry without a rebound.
14:19 of 1st period - Ryan Strome wins face-off versus Dillon Dube in SASKATOON DUCKS zone.
14:41 of 1st period - Shot by Ryan Strome.
14:41 of 1st period - Shot Blocked by Frederick Gaudreau.
14:53 of 1st period - Shot by Dillon Dube.
14:53 of 1st period - Shot Misses the Net.
14:55 of 1st period - Shot by Ryan Lindgren.
14:55 of 1st period - Stopped by Tristan Jarry without a rebound.
14:56 of 1st period - Sidney Crosby wins face-off versus Nick Suzuki in SASKATOON DUCKS zone.
15:28 of 1st period - Shot by Sidney Crosby.
15:28 of 1st period - Shot Blocked by Nick Suzuki.
15:34 of 1st period - Shot by Ivan Barbashev.
15:34 of 1st period - Deflect By Sidney Crosby.
15:34 of 1st period - Shot Misses the Net.
16:12 of 1st period - Shot by Samuel Girard.
16:12 of 1st period - Stopped by Linus Ullmark without a rebound.
16:13 of 1st period - Jack Hughes wins face-off versus Ryan Strome in NORTH DAKOTA HAWKS zone.
16:20 of 1st period - Shot by Jack Hughes.
16:20 of 1st period - Stopped by Tristan Jarry without a rebound.
16:21 of 1st period - Jack Hughes wins face-off versus Ryan Strome in SASKATOON DUCKS zone.
17:16 of 1st period - Off-side.
17:17 of 1st period - Alex Belzile wins face-off versus Sidney Crosby in neutral zone.
17:33 of 1st period - Icing by Brent Burns.
17:34 of 1st period - Nick Suzuki wins face-off versus Jason Zucker in SASKATOON DUCKS zone.
17:37 of 1st period - Shot by Jake DeBrusk.
17:37 of 1st period - Shot Blocked by Brent Burns.
17:39 of 1st period - Shot by Nick Suzuki.
17:39 of 1st period - Shot Misses the Net.
18:43 of 1st period - Off-side.
18:44 of 1st period - Ryan Strome wins face-off versus Jack Hughes in neutral zone.
18:46 of 1st period - Artemi Panarin is hit by Joel Hanley and loses puck.
19:01 of 1st period - Shot by Artemi Panarin.
19:01 of 1st period - Shot Misses the Net.
19:03 of 1st period - Shot by Kailer Yamamoto.
19:03 of 1st period - Stopped by Linus Ullmark without a rebound.
19:04 of 1st period - Alex Belzile wins face-off versus Paul Stastny in NORTH DAKOTA HAWKS zone.
19:10 of 1st period - Icing by Erik Johnson.
19:11 of 1st period - Alex Belzile wins face-off versus Artemi Panarin in NORTH DAKOTA HAWKS zone.
Goals for this period are 2 for NORTH DAKOTA HAWKS vs 0 for SASKATOON DUCKS.
Shots for this period are 9 for NORTH DAKOTA HAWKS vs 4 for SASKATOON DUCKS.

2nd period


0:01 of 2nd period - Sidney Crosby wins face-off versus Jack Hughes in neutral zone.
0:04 of 2nd period - Shot by Brent Burns.
0:04 of 2nd period - Shot Misses the Net.
0:30 of 2nd period - Minor Penalty to Connor Clifton for Holding Stick.
0:31 of 2nd period - Frederick Gaudreau wins face-off versus Ryan Strome in NORTH DAKOTA HAWKS zone.
0:31 of 2nd period - Frederick Gaudreau is hit by Kailer Yamamoto.
0:43 of 2nd period - Shot by Roman Josi.
0:43 of 2nd period - Shot Misses the Net.
0:45 of 2nd period - Shot by Roman Josi.
0:45 of 2nd period - Shot Misses the Net.
0:47 of 2nd period - Shot by Roman Josi.
0:47 of 2nd period - Stopped by Linus Ullmark with a rebound.
0:49 of 2nd period - Shot by Jake Sanderson.
0:49 of 2nd period - Shot Misses the Net.
0:51 of 2nd period - Shot by Kailer Yamamoto.
0:51 of 2nd period - Shot Misses the Net.
0:53 of 2nd period - Shot by Jake Sanderson.
0:53 of 2nd period - Shot Misses the Net.
0:55 of 2nd period - Shot by Roman Josi.
0:55 of 2nd period - Goal by Roman Josi - NORTH DAKOTA HAWKS : 2 - SASKATOON DUCKS : 1.
0:56 of 2nd period - Paul Stastny wins face-off versus Jack Hughes in neutral zone.
1:11 of 2nd period - Shot by Samuel Girard.
1:11 of 2nd period - Shot Misses the Net.
1:13 of 2nd period - Shot by Samuel Girard.
1:13 of 2nd period - Shot Misses the Net.
1:33 of 2nd period - Shot by Jason Robertson.
1:33 of 2nd period - Shot Misses the Net.
1:50 of 2nd period - Icing by Ben Hutton.
1:51 of 2nd period - Sidney Crosby wins face-off versus Jack Hughes in NORTH DAKOTA HAWKS zone.
1:56 of 2nd period - Shot by Roman Josi.
1:56 of 2nd period - Deflect By Jason Zucker.
1:56 of 2nd period - Stopped by Linus Ullmark without a rebound.
1:57 of 2nd period - Frederick Gaudreau wins face-off versus Sidney Crosby in NORTH DAKOTA HAWKS zone.
2:07 of 2nd period - Ivan Barbashev is hit by Dillon Dube and loses puck.
2:19 of 2nd period - Off-side.
2:20 of 2nd period - Nick Suzuki wins face-off versus Ryan Strome in neutral zone.
2:44 of 2nd period - Shot by Artemi Panarin.
2:44 of 2nd period - Stopped by Linus Ullmark without a rebound.
2:45 of 2nd period - Frederick Gaudreau wins face-off versus Sidney Crosby in NORTH DAKOTA HAWKS zone.
3:15 of 2nd period - Shot by Sidney Crosby.
3:15 of 2nd period - Shot Misses the Net.
3:17 of 2nd period - Shot by Brent Burns.
3:17 of 2nd period - Shot Misses the Net.
3:19 of 2nd period - Shot by Brent Burns.
3:19 of 2nd period - Goal by Brent Burns - NORTH DAKOTA HAWKS : 2 - SASKATOON DUCKS : 2.
3:20 of 2nd period - Nick Suzuki wins face-off versus Ryan Strome in neutral zone.
3:20 of 2nd period - Nick Suzuki is hit by Kailer Yamamoto.
4:43 of 2nd period - Ivan Barbashev is hit by Erik Johnson and loses puck.
5:07 of 2nd period - Shot by Sidney Crosby.
5:07 of 2nd period - Goal by Sidney Crosby - NORTH DAKOTA HAWKS : 2 - SASKATOON DUCKS : 3.
5:08 of 2nd period - Paul Stastny wins face-off versus Frederick Gaudreau in neutral zone.
5:44 of 2nd period - Shot by Phil Kessel.
5:44 of 2nd period - Shot Misses the Net.
5:55 of 2nd period - Icing by Mathew Dumba.
5:56 of 2nd period - Ryan Strome wins face-off versus Frederick Gaudreau in NORTH DAKOTA HAWKS zone.
6:19 of 2nd period - Shot by Kailer Yamamoto.
6:19 of 2nd period - Shot Blocked by Mathew Dumba.
6:21 of 2nd period - Shot by Kailer Yamamoto.
6:21 of 2nd period - Shot Misses the Net.
7:08 of 2nd period - Shot by Nick Suzuki.
7:08 of 2nd period - Shot Misses the Net.
7:10 of 2nd period - Shot by Nick Suzuki.
7:10 of 2nd period - Stopped by Tristan Jarry without a rebound.
7:11 of 2nd period - Nils Aman wins face-off versus Nathan Walker in SASKATOON DUCKS zone.
7:28 of 2nd period - Samuel Girard is hit by Garnet Hathaway and loses puck.
8:23 of 2nd period - Shot by Jake DeBrusk.
8:23 of 2nd period - Stopped by Tristan Jarry without a rebound.
8:24 of 2nd period - Sidney Crosby wins face-off versus Jack Hughes in SASKATOON DUCKS zone.
8:53 of 2nd period - Ivan Barbashev is hit by Jack Hughes and loses puck.
9:54 of 2nd period - Minor Penalty to Erik Johnson for Hooking.
9:55 of 2nd period - Sidney Crosby wins face-off versus Frederick Gaudreau in NORTH DAKOTA HAWKS zone.
10:12 of 2nd period - Shot by Jake Sanderson.
10:12 of 2nd period - Shot Misses the Net.
10:21 of 2nd period - Artemi Panarin is hit by Connor Clifton and loses puck.
11:29 of 2nd period - Icing by Artemi Panarin.
11:30 of 2nd period - Sidney Crosby wins face-off versus Frederick Gaudreau in SASKATOON DUCKS zone.
11:47 of 2nd period - Shot by Roman Josi.
11:47 of 2nd period - Shot Misses the Net.
12:03 of 2nd period - Shot by Phil Kessel.
12:03 of 2nd period - Shot Misses the Net.
12:16 of 2nd period - Phil Kessel is hit by Mathew Dumba and loses puck.
12:53 of 2nd period - Shot by Nick Suzuki.
12:53 of 2nd period - Shot Misses the Net.
13:25 of 2nd period - Jaycob Megna is hit by Dillon Dube and loses puck.
13:33 of 2nd period - Off-side.
13:34 of 2nd period - Ryan Strome wins face-off versus Alex Belzile in neutral zone.
13:50 of 2nd period - Icing by Erik Johnson.
13:51 of 2nd period - Sidney Crosby wins face-off versus Alex Belzile in NORTH DAKOTA HAWKS zone.
14:18 of 2nd period - Shot by Ivan Barbashev.
14:18 of 2nd period - Shot Misses the Net.
14:35 of 2nd period - Shot by Jason Zucker.
14:35 of 2nd period - Stopped by Linus Ullmark with a rebound.
14:37 of 2nd period - Shot by Jake Sanderson.
14:37 of 2nd period - Shot Misses the Net.
14:57 of 2nd period - Shot by Artemi Panarin.
14:57 of 2nd period - Shot Misses the Net.
16:05 of 2nd period - Shot by Nils Aman.
16:05 of 2nd period - Shot Blocked by Jack Hughes.
16:07 of 2nd period - Shot by Milan Lucic.
16:07 of 2nd period - Shot Misses the Net.
16:34 of 2nd period - Shot by Nick Suzuki.
16:34 of 2nd period - Stopped by Tristan Jarry without a rebound.
16:35 of 2nd period - Nick Suzuki wins face-off versus Paul Stastny in SASKATOON DUCKS zone.
16:51 of 2nd period - Shot by Jake DeBrusk.
16:51 of 2nd period - Stopped by Tristan Jarry without a rebound.
16:52 of 2nd period - Ryan Strome wins face-off versus Frederick Gaudreau in SASKATOON DUCKS zone.
16:52 of 2nd period - Artemi Panarin is hit by Emil Bemstrom and loses puck.
17:01 of 2nd period - Shot by Dillon Dube.
17:01 of 2nd period - Shot Misses the Net.
17:03 of 2nd period - Shot by Frederick Gaudreau.
17:03 of 2nd period - Shot Misses the Net.
17:05 of 2nd period - Shot by Emil Bemstrom.
17:05 of 2nd period - Stopped by Tristan Jarry without a rebound.
17:06 of 2nd period - Nick Suzuki wins face-off versus Sidney Crosby in SASKATOON DUCKS zone.
17:06 of 2nd period - Reyley Smith is hit by Jake Sanderson and loses puck.
17:21 of 2nd period - Shot by Nick Suzuki.
17:21 of 2nd period - Stopped by Tristan Jarry without a rebound.
17:22 of 2nd period - Kailer Yamamoto wins face-off versus Jack Hughes in SASKATOON DUCKS zone.
17:39 of 2nd period - Shot by Jack Hughes.
17:39 of 2nd period - Shot Misses the Net.
17:41 of 2nd period - Shot by Mathew Dumba.
17:41 of 2nd period - Stopped by Tristan Jarry without a rebound.
17:42 of 2nd period - Sidney Crosby wins face-off versus Jake DeBrusk in SASKATOON DUCKS zone.
17:53 of 2nd period - Nick Suzuki is hit by Jason Zucker and loses puck.
18:04 of 2nd period - Shot by Sidney Crosby.
18:04 of 2nd period - Stopped by Linus Ullmark without a rebound.
18:05 of 2nd period - Ryan Strome wins face-off versus Dillon Dube in NORTH DAKOTA HAWKS zone.
18:05 of 2nd period - Artemi Panarin is hit by Mathew Dumba and loses puck.
18:16 of 2nd period - Shot by Frederick Gaudreau.
18:16 of 2nd period - Deflect By Emil Bemstrom.
18:16 of 2nd period - Stopped by Tristan Jarry without a rebound.
18:17 of 2nd period - Nick Suzuki wins face-off versus Sidney Crosby in SASKATOON DUCKS zone.
18:34 of 2nd period - Icing by Erik Johnson.
18:35 of 2nd period - Ryan Strome wins face-off versus Nick Suzuki in NORTH DAKOTA HAWKS zone.
18:42 of 2nd period - Shot by Artemi Panarin.
18:42 of 2nd period - Stopped by Linus Ullmark without a rebound.
18:43 of 2nd period - Sidney Crosby wins face-off versus Jack Hughes in NORTH DAKOTA HAWKS zone.
19:11 of 2nd period - Shot by Sidney Crosby.
19:11 of 2nd period - Stopped by Linus Ullmark without a rebound.
19:12 of 2nd period - Frederick Gaudreau wins face-off versus Ryan Strome in NORTH DAKOTA HAWKS zone.
19:54 of 2nd period - Shot by Kailer Yamamoto.
19:54 of 2nd period - Shot Misses the Net.
19:56 of 2nd period - Shot by Kailer Yamamoto.
19:56 of 2nd period - Stopped by Linus Ullmark without a rebound.
19:57 of 2nd period - Nick Suzuki wins face-off versus Sidney Crosby in NORTH DAKOTA HAWKS zone.
19:57 of 2nd period - Nick Suzuki is hit by Jason Zucker.
Goals for this period are 0 for NORTH DAKOTA HAWKS vs 3 for SASKATOON DUCKS.
Shots for this period are 8 for NORTH DAKOTA HAWKS vs 11 for SASKATOON DUCKS.

3rd period


0:01 of 3rd period - Sidney Crosby wins face-off versus Nick Suzuki in neutral zone.
0:33 of 3rd period - Icing by Sidney Crosby.
0:34 of 3rd period - Sidney Crosby wins face-off versus Jack Hughes in SASKATOON DUCKS zone.
1:03 of 3rd period - Shot by Jack Hughes.
1:03 of 3rd period - Shot Misses the Net.
1:11 of 3rd period - Shot by Jordan Kyrou.
1:11 of 3rd period - Shot Blocked by Roman Josi.
1:24 of 3rd period - Icing by Brent Burns.
1:25 of 3rd period - Sidney Crosby wins face-off versus Nick Suzuki in SASKATOON DUCKS zone.
2:44 of 3rd period - Shot by Phil Kessel.
2:44 of 3rd period - Stopped by Linus Ullmark with a rebound.
2:46 of 3rd period - Shot by Samuel Girard.
2:46 of 3rd period - Shot Misses the Net.
3:29 of 3rd period - Shot by Erik Johnson.
3:29 of 3rd period - Stopped by Tristan Jarry with a rebound.
4:03 of 3rd period - Shot by Jason Zucker.
4:03 of 3rd period - Stopped by Linus Ullmark with a rebound.
5:01 of 3rd period - Nick Suzuki is hit by Samuel Girard and loses puck.
5:08 of 3rd period - Nick Suzuki is hit by Ryan Strome and loses puck.
5:28 of 3rd period - Off-side.
5:29 of 3rd period - Frederick Gaudreau wins face-off versus Paul Stastny in neutral zone.
6:19 of 3rd period - Frederick Gaudreau is hit by Jake Sanderson and loses puck.
6:41 of 3rd period - Garnet Hathaway is hit by Kevin Shattenkirk and loses puck.
7:02 of 3rd period - Shot by Garnet Hathaway.
7:02 of 3rd period - Stopped by Tristan Jarry with a rebound.
7:34 of 3rd period - Shot by Artemi Panarin.
7:34 of 3rd period - Stopped by Linus Ullmark without a rebound.
7:35 of 3rd period - Jack Hughes wins face-off versus Nils Aman in NORTH DAKOTA HAWKS zone.
8:23 of 3rd period - Icing by Erik Johnson.
8:24 of 3rd period - Ryan Strome wins face-off versus Jack Hughes in NORTH DAKOTA HAWKS zone.
8:27 of 3rd period - Shot by Samuel Girard.
8:27 of 3rd period - Shot Blocked by Erik Johnson.
8:29 of 3rd period - Shot by Artemi Panarin.
8:29 of 3rd period - Deflect By Kailer Yamamoto.
8:29 of 3rd period - Stopped by Linus Ullmark without a rebound.
8:30 of 3rd period - Ryan Strome wins face-off versus Nick Suzuki in NORTH DAKOTA HAWKS zone.
8:30 of 3rd period - Artemi Panarin is hit by Mathew Dumba and loses puck.
8:55 of 3rd period - Shot by Reyley Smith.
8:55 of 3rd period - Shot Misses the Net.
9:05 of 3rd period - Shot by Artemi Panarin.
9:05 of 3rd period - Shot Misses the Net.
9:53 of 3rd period - Shot by Sidney Crosby.
9:53 of 3rd period - Stopped by Linus Ullmark without a rebound.
9:54 of 3rd period - Paul Stastny wins face-off versus Alex Belzile in NORTH DAKOTA HAWKS zone.
10:01 of 3rd period - Shot by Phil Kessel.
10:01 of 3rd period - Stopped by Linus Ullmark without a rebound.
10:02 of 3rd period - Paul Stastny wins face-off versus Jack Hughes in NORTH DAKOTA HAWKS zone.
10:15 of 3rd period - Shot by Jason Robertson.
10:15 of 3rd period - Stopped by Tristan Jarry without a rebound.
10:16 of 3rd period - Alex Belzile wins face-off versus Sidney Crosby in SASKATOON DUCKS zone.
10:17 of 3rd period - Shot by Garnet Hathaway.
10:17 of 3rd period - Stopped by Tristan Jarry without a rebound.
10:18 of 3rd period - Nick Suzuki wins face-off versus Sidney Crosby in SASKATOON DUCKS zone.
10:40 of 3rd period - Shot by Sidney Crosby.
10:40 of 3rd period - Shot Misses the Net.
10:55 of 3rd period - Jake DeBrusk is hit by Brent Burns and loses puck.
11:44 of 3rd period - Minor Penalty to Connor Clifton for Hooking.
11:45 of 3rd period - Sidney Crosby wins face-off versus Frederick Gaudreau in NORTH DAKOTA HAWKS zone.
12:12 of 3rd period - Shot by Artemi Panarin.
12:12 of 3rd period - Shot Blocked by Mathew Dumba.
12:30 of 3rd period - Shot by Ivan Barbashev.
12:30 of 3rd period - Stopped by Linus Ullmark without a rebound.
12:31 of 3rd period - Ryan Strome wins face-off versus Frederick Gaudreau in NORTH DAKOTA HAWKS zone.
12:38 of 3rd period - Shot by Ivan Barbashev.
12:38 of 3rd period - Shot Misses the Net.
12:54 of 3rd period - Shot by Brent Burns.
12:54 of 3rd period - Stopped by Linus Ullmark with a rebound.
12:56 of 3rd period - Shot by Brent Burns.
12:56 of 3rd period - Shot Misses the Net.
12:58 of 3rd period - Shot by Kevin Shattenkirk.
12:58 of 3rd period - Shot Blocked by Alex Belzile.
13:28 of 3rd period - Mathew Dumba is hit by Ivan Barbashev and loses puck.
14:19 of 3rd period - Shot by Jack Hughes.
14:19 of 3rd period - Stopped by Tristan Jarry without a rebound.
14:20 of 3rd period - Nick Suzuki wins face-off versus Nils Aman in SASKATOON DUCKS zone.
15:21 of 3rd period - Alex Belzile is hit by Jason Zucker and loses puck.
15:25 of 3rd period - Icing by Garnet Hathaway.
15:26 of 3rd period - Ryan Strome wins face-off versus Alex Belzile in NORTH DAKOTA HAWKS zone.
15:44 of 3rd period - Icing by Connor Clifton.
15:45 of 3rd period - Sidney Crosby wins face-off versus Alex Belzile in NORTH DAKOTA HAWKS zone.
16:22 of 3rd period - Shot by Ivan Barbashev.
16:22 of 3rd period - Shot Misses the Net.
16:24 of 3rd period - Shot by Samuel Girard.
16:24 of 3rd period - Shot Misses the Net.
16:26 of 3rd period - Shot by Jaycob Megna.
16:26 of 3rd period - Shot Blocked by Ben Hutton.
16:39 of 3rd period - Minor Penalty to Jake Sanderson for Roughing.
16:40 of 3rd period - Reyley Smith wins face-off versus Paul Stastny in SASKATOON DUCKS zone.
16:54 of 3rd period - Shot by Reyley Smith.
16:54 of 3rd period - Shot Misses the Net.
17:10 of 3rd period - Shot by Jake DeBrusk.
17:10 of 3rd period - Shot Blocked by Brent Burns.
18:22 of 3rd period - Shot by Jake DeBrusk.
18:22 of 3rd period - Shot Blocked by Jaycob Megna.
18:56 of 3rd period - Shot by Nathan Walker.
18:56 of 3rd period - Stopped by Tristan Jarry without a rebound.
18:57 of 3rd period - Paul Stastny wins face-off versus Jack Hughes in SASKATOON DUCKS zone.
18:57 of 3rd period - Paul Stastny is hit by Jason Robertson.
Goals for this period are 0 for NORTH DAKOTA HAWKS vs 0 for SASKATOON DUCKS.
Shots for this period are 6 for NORTH DAKOTA HAWKS vs 8 for SASKATOON DUCKS.


BLAKE
WHEELER
STEVEN
STAMKOS
DREW
DOUGHTY

EAST COAST

HOCKEY LEAGUE

  • 63.RHI2PIT5
  • 64.WOR4ATL3
  • 65.QUECHW
  • 66.CHATRV